Map: Odyssey LE

Players

NOTAKON - Winner!

  • Race: Terran Terran
  • League: Master
  • Spawn Location: 11:00

Sasori

  • Race: Zerg Zerg
  • League: Grandmaster
  • Spawn Location: 5:00

VOD

Have the link to the VOD?

Description

Time

  • Played on: Jan. 2, 2018, 11:47 p.m.
  • Length: 11:49
Show
View Real Time Build Order
Export as new Build Order

NOTAKON Terran - Winner!

Build Orders: Command Center First (CC), Hellion Banshee 

Get SALT Encoding   

  12  0:01  SCV  
  13  0:13  SCV  
  14  0:17  Supply Depot  
  14  0:25  SCV  
  15  0:38  SCV  
  16  0:50  SCV  
  17  1:03  Command Center  
  17  1:04  SCV  
  18  1:18  Barracks  
  18  1:19  SCV  
  19  1:26  Refinery  
  19  1:32  SCV  
  20  1:35  Refinery  
  20  1:44  SCV  
  21  1:56  SCV  
  22  2:05  Marine  
  23  2:08  Orbital Command  
  23  2:15  Orbital Command  
  23  2:20  Bunker  
  23  2:23  Marine  
  24  2:30  Factory  
  24  2:36  SCV  
  25  2:41  Barracks Reactor  
  25  2:43  SCV  
  26  2:51  SCV  
  26  2:55  SCV  
  26  2:58  Supply Depot  
  28  3:03  SCV  
  29  3:07  SCV  
  30  3:15  SCV  
  30  3:19  Starport, SCV  
  32  3:23  Hellion x2  
  36  3:28  SCV, Supply Depot  
  36  3:30  Barracks Tech Lab  
  36  3:31  SCV  
  38  3:40  SCV  
  39  3:43  SCV, Supply Depot  
  39  3:44  Hellion x2  
  44  3:52  SCV  
  44  3:53  Supply Depot  
  45  3:55  SCV  
  45  4:02  Banshee  
  49  4:04  SCV  
  49  4:05  Cyclone  
  49  4:07  SCV  
  49  4:08  Cyclone  
  57  4:10  Cloaking Field  
  57  4:16  SCV  
  58  4:18  Supply Depot  
  58  4:20  SCV  
  59  4:28  SCV  
  60  4:37  SCV  
  60  4:38  Hellion  
  63  4:41  Hellion  
  63  4:45  Banshee  
  68  4:49  SCV x2  
  68  4:51  Refinery  
  70  4:52  Refinery, Supply Depot  
  70  4:59  Armory, Hellion  
  72  5:01  SCV  
  72  5:05  Cyclone, Command Center  
  76  5:10  SCV  
  76  5:13  SCV  
  73  5:22  SCV  
  73  5:23  Hellion  
  73  5:25  SCV  
  64  5:33  Banshee  
  64  5:35  SCV  
  66  5:37  SCV  
  66  5:38  Hellion, Factory  
  69  5:44  Hellion  
  69  5:45  Factory  
  69  5:47  SCV  
  69  5:49  SCV  
  70  5:59  SCV, Hellion  
  70  6:01  SCV  
  63  6:05  Hellion  
  65  6:11  SCV  
  65  6:13  Supply Depot  
  65  6:14  SCV, Supply Depot  
  65  6:15  Supply Depot  
  65  6:18  Banshee  
  67  6:20  Terran Vehicle Weapons Level 1  
  67  6:21  Hellion  
  67  6:24  Orbital Command  
  72  6:26  Factory Tech Lab  
  72  6:27  SCV  
  72  6:28  SCV  
  74  6:36  Hellion, Factory Tech Lab  
  74  6:39  SCV  
  76  6:40  SCV  
  76  6:43  Supply Depot  
  76  6:46  Hellion  
  79  6:47  Infernal Pre-Igniter  
  79  6:51  SCV  
  79  6:52  SCV  
  81  6:57  Thor  
  87  7:05  SCV  
  88  7:09  Hellion x2  
  92  7:16  SCV  
  92  7:20  Orbital Command  
  93  7:27  SCV  
  93  7:28  Thor  
  100  7:30  SCV, Hellion  
  98  7:39  SCV, Hellion x5  
  98  7:40  Thor, Banshee  
  98  7:43  SCV  
  109  7:51  SCV  
  109  7:52  SCV  
  109  7:53  Smart Servos, Hellion x2  
  109  7:55  SCV  
  114  8:03  SCV  
  114  8:04  SCV  
  116  8:07  SCV  
  112  8:13  Thor  
  112  8:17  SCV x2  
  116  8:22  Hellion  
  116  8:25  SCV, Hellion  
  116  8:29  SCV  
  116  8:33  Banshee  
  117  8:41  Engineering Bay  
  117  8:48  Terran Vehicle And Ship Armor Level 1  
  117  9:04  Supply Depot  
  117  9:05  Supply Depot  
  117  9:14  Missile Turret  
  117  9:17  Refinery  
  117  9:18  Refinery, Missile Turret  
  117  9:19  Missile Turret  
  117  9:20  Missile Turret, Command Center  
  117  9:22  Missile Turret  
  117  9:25  Banshee  
  117  9:26  Cyclone x2, SCV x3  
  129  9:34  Thor x4  
  129  9:38  Armory, SCV x2  
  131  9:39  Supply Depot  
  131  9:40  Thor  
  131  9:43  SCV, Supply Depot  
  138  9:45  Supply Depot  
  138  9:48  Thor  
  138  9:55  SCV x3  
  141  10:18  Hellion  
  141  10:19  Hellion  
  141  10:20  SCV x2  
  147  10:23  Thor  
  147  10:25  SCV  
  147  10:31  Thor  
  147  10:32  SCV  
  147  10:34  SCV  
  137  10:39  SCV  
  137  10:40  Hellion x2  
  134  10:51  SCV  
  135  11:01  Hellion x2  
  135  11:02  SCV  
  135  11:03  Banshee  
  142  11:05  Thor  
  146  11:15  Hellion  
  146  11:16  SCV x2  
  150  11:21  Refinery  
  150  11:26  Refinery  
  150  11:35  SCV  
Show
View Real Time Build Order
Export as new Build Order

Sasori Zerg 

Build Orders: Hatch First 

Get SALT Encoding   

  12  0:02  Drone  
  13  0:13  Overlord  
  13  0:17  Drone  
  14  0:32  Drone x2  
  16  0:36  Drone  
  17  0:54  Hatchery  
  17  0:55  Drone  
  17  0:59  Extractor  
  17  1:00  Drone  
  17  1:15  Spawning Pool  
  17  1:18  Drone  
  17  1:22  Drone  
  18  1:30  Drone  
  19  1:43  Overlord  
  19  1:52  Drone  
  20  2:02  Queen  
  20  2:05  Zergling x2  
  20  2:07  Queen  
  25  2:10  Drone  
  25  2:14  Drone  
  27  2:18  Drone  
  28  2:23  Drone  
  30  2:30  Drone  
  30  2:34  Drone  
  31  2:39  Evolution Chamber  
  31  2:40  Evolution Chamber  
  31  2:41  Drone  
  30  2:45  Drone  
  30  2:50  Drone  
  32  2:58  Drone  
  33  3:01  Overlord  
  33  3:03  Hatchery  
  32  3:07  Zerg Melee Weapons Level 1  
  32  3:14  Zerg Ground Armor Level 1  
  32  3:19  Drone x2  
  34  3:22  Drone  
  34  3:23  Drone  
  34  3:25  Drone  
  37  3:30  Drone x2  
  37  3:33  Overlord  
  39  3:37  Drone  
  39  3:40  Metabolic Boost  
  40  3:43  Zergling x2  
  40  3:44  Zergling x2  
  42  3:50  Zergling x4  
  44  3:56  Zergling x8  
  48  4:03  Zergling x4, Extractor  
  48  4:09  Baneling Nest  
  49  4:10  Zergling x4  
  49  4:14  Queen  
  49  4:17  Spore Crawler  
  51  4:18  Spore Crawler  
  51  4:23  Zergling x6  
  46  4:48  Zergling x4  
  46  4:49  Zergling x14  
  55  4:54  Zergling x6  
  55  4:58  Lair  
  58  5:13  Overlord x2  
  57  5:26  Overlord x4  
  50  5:31  Baneling  
  50  5:32  Baneling x9  
  50  5:33  Baneling x3  
  50  5:35  Zergling x4  
  52  5:39  Drone  
  52  5:41  Drone, Zergling x2  
  52  5:42  Zergling x2  
  49  6:00  Drone  
  49  6:01  Drone x7  
  52  6:08  Spire  
  52  6:09  Extractor  
  49  6:11  Drone x2  
  49  6:14  Spore Crawler  
  49  6:17  Drone  
  49  6:18  Drone  
  52  6:26  Drone x2  
  52  6:28  Drone x3  
  57  6:41  Zergling x16  
  57  6:42  Zergling x2  
  66  6:47  Drone x3  
  66  6:51  Drone x2  
  66  6:52  Drone  
  71  6:58  Drone  
  67  7:22  Mutalisk x2  
  62  7:23  Mutalisk  
  62  7:28  Mutalisk  
  63  7:30  Zergling x2, Zerg Flyer Weapons Level 1  
  63  7:31  Zergling x20  
  72  7:43  Hatchery  
  68  7:47  Extractor  
  68  7:50  Mutalisk  
  67  7:51  Mutalisk  
  69  8:05  Mutalisk  
  71  8:07  Zergling x4  
  71  8:08  Zergling x12  
  78  8:19  Drone x2  
  74  8:25  Mutalisk  
  76  8:36  Mutalisk x2  
  79  8:43  Drone x2  
  79  8:44  Drone x3  
  84  8:53  Drone x3, Zerg Melee Weapons Level 2  
  84  8:54  Hatchery  
  84  8:56  Queen  
  84  8:57  Drone x3  
  89  9:05  Hatchery  
  89  9:06  Drone  
  89  9:07  Drone x2  
  91  9:13  Zerg Ground Armor Level 2  
  91  9:17  Spore Crawler  
  91  9:19  Drone x3  
  93  9:25  Spore Crawler  
  93  9:30  Zerg Flyer Weapons Level 2  
  92  9:32  Drone  
  92  9:33  Drone x4  
  92  9:35  Overlord x2  
  92  9:36  Overlord  
  97  9:44  Infestation Pit  
  90  9:48  Spore Crawler  
  90  9:51  Zergling x4  
  90  9:52  Zergling x6  
  94  9:59  Mutalisk x2  
  98  10:03  Zergling x10  
  103  10:12  Zergling x12  
  109  10:16  Baneling  
  109  10:17  Baneling x8  
  105  10:24  Mutalisk  
  105  10:27  Zergling x20  
  95  10:38  Zergling x4  
  95  10:39  Zergling x10  
  82  10:43  Zergling x4  
  82  10:47  Mutalisk  
  64  10:52  Zergling x4  
  64  10:53  Zergling x8  
  64  10:56  Zergling x2  
  56  11:09  Zergling x8  
  56  11:10  Zergling x2  
  53  11:14  Zergling x6  
  55  11:20  Zergling x2  
  55  11:24  Zergling x6  
  58  11:31  Zergling x2  
Tags
 
Add a new tag
Caveats
  • Supply blocks, unpowered buildings, or Contaminate may cause inaccurate times.
  • Supply counts are checked every 10 seconds.